SL
BUFFALO WHITE WALKERS @ NASHVILLE OUTLAWS
08/21/2038
 
TOP OF THE 1ST
Buffalo White Walkers batting - Pitching for Nashville Outlaws : RHP Matthew Fallows
Pitching: RHP Matthew Fallows
Batting: LHB Jesús Lazcano 0-0: Ball
1-0: Fly out, F5 (Popup, 5SF, EV 86.9 MPH)
Batting: SHB Max Bortenschlager 0-0: Called Strike
0-1: Called Strike
0-2: Foul Ball, location: 2F
0-2: Foul Ball, location: 2F
0-2: Strikes out swinging
Batting: SHB Je-myung Yu 0-0: Ball
1-0: Ball
2-0: SINGLE (Groundball, 4D, EV 107.5 MPH)
Batting: RHB Derek Bangert 0-0: Ball
1-0: Called Strike
1-1: Swinging Strike
1-2: Strikes out swinging
Top of the 1st over - 0 runs, 1 hit, 0 errors, 1 left on base; Buffalo 0 - Nashville 0
BOTTOM OF THE 1ST
Nashville Outlaws batting - Pitching for Buffalo White Walkers : RHP Dusty Fox
Pitching: RHP Dusty Fox
Batting: LHB Bartolo Soto 0-0: Called Strike
0-1: Ball
1-1: Bunted foul
1-2: Ball
2-2: Ground out 2-3 (Groundball, 2R, EV 71.9 MPH)
Batting: LHB Salvador Ramírez 0-0: Ball
1-0: SINGLE (Line Drive, 8RS, EV 94.4 MPH)
Batting: LHB Tom Burton 0-0: Ball
1-0: Called Strike
1-1: Ball
2-1: Swinging Strike
2-2: Strikes out looking
Batting: RHB Javier Sierra 0-0: Ball
1-0: Foul Ball, location: 2F
1-1: Ball
2-1: Swinging Strike
2-2: Foul Ball, location: 2F
2-2: Foul Ball, location: 2F
2-2: Strikes out swinging, 2-3 out at first.
Bottom of the 1st over - 0 runs, 1 hit, 0 errors, 1 left on base; Buffalo 0 - Nashville 0
TOP OF THE 2ND
Buffalo White Walkers batting - Pitching for Nashville Outlaws : RHP Matthew Fallows
Batting: LHB Dread Roberts 0-0: Fly out, F7 (Flyball, 7LM, EV 96.2 MPH)
Batting: RHB Tom Smythe 0-0: SINGLE (Groundball, 6D, EV 98.1 MPH)
Batting: LHB Gilberto Ocasio 0-0: Called Strike
0-1: SINGLE (Groundball, 34D, EV 96.9 MPH)
Tom Smythe to second
Runner from 2nd tries for 3rd, SAFE, throw by RF made to third
Batting: RHB Daryl Yandell 0-0: Called Strike
Gilberto Ocasio steals 2nd base
0-1: Foul Ball, location: 2F
0-2: Ball
1-2: Strikes out looking
Batting: RHB Cisco Feijoo 0-0: Called Strike
0-1: Ball
1-1: Foul Ball, location: 2F
1-2: Ball
2-2: Strikes out looking
Top of the 2nd over - 0 runs, 2 hits, 0 errors, 2 left on base; Buffalo 0 - Nashville 0
BOTTOM OF THE 2ND
Nashville Outlaws batting - Pitching for Buffalo White Walkers : RHP Dusty Fox
Batting: RHB Jerry Yates 0-0: Called Strike
0-1: Ball
1-1: Swinging Strike
1-2: SINGLE (Flyball, 89S, EV 83.1 MPH)
Batting: RHB Mark Toope 0-0: Called Strike
0-1: Ball
1-1: SINGLE (Groundball, 6MD, EV 108.1 MPH)
Jerry Yates to second
Runner from 2nd tries for 3rd, SAFE, throw by CF made to third
Batting: RHB Sadakuno Hashimoto 0-0: Ball
1-0: Called Strike
1-1: Swinging Strike
1-2: Ball
2-2: Ball
3-2: Fly out, F7 (Line Drive, 7, EV 94.4 MPH)
Runner from 3rd tags up, SCORES, throw by LF
Batting: LHB Juan Caro 0-0: Foul Ball, location: 2F
0-1: Ball
1-1: Called Strike
1-2: Ball
2-2: Foul Ball, location: 2F
2-2: Strikes out swinging
Batting: LHB Wilson Hernández 0-0: Foul Ball, location: 2F
0-1: Ball
1-1: Called Strike
1-2: Ball
2-2: Ball
Mark Toope is caught stealing 2nd base 2-6
Bottom of the 2nd over - 1 run, 2 hits, 0 errors, 0 left on base; Buffalo 0 - Nashville 1
TOP OF THE 3RD
Buffalo White Walkers batting - Pitching for Nashville Outlaws : RHP Matthew Fallows
Batting: LHB Jesús Lazcano 0-0: Ball
1-0: Swinging Strike
1-1: Ball
2-1: Swinging Strike
2-2: Foul Ball, location: 2F
2-2: Fly out, F7 (Line Drive, 7, EV 85.0 MPH)
Batting: SHB Max Bortenschlager 0-0: Ground out 1-3 (Groundball, 13, EV 83.8 MPH)
Batting: SHB Je-myung Yu 0-0: Ball
1-0: Ball
2-0: Ball
3-0: Foul Ball, location: 2F
3-1: Called Strike
3-2: Ground out 6-3 (Groundball, 6M, EV 87.5 MPH)
Top of the 3rd over - 0 runs, 0 hits, 0 errors, 0 left on base; Buffalo 0 - Nashville 1
BOTTOM OF THE 3RD
Nashville Outlaws batting - Pitching for Buffalo White Walkers : RHP Dusty Fox
Batting: LHB Wilson Hernández 0-0: Ground out 1-3 (Groundball, 15S, EV 63.8 MPH)
Batting: LHB Bartolo Soto 0-0: Called Strike
0-1: Ball
1-1: Ball
2-1: Ground out 4-3 (Groundball, 4, EV 88.8 MPH)
Batting: LHB Salvador Ramírez 0-0: Ground out 4-3 (Groundball, 4S, EV 70.6 MPH)
Bottom of the 3rd over - 0 runs, 0 hits, 0 errors, 0 left on base; Buffalo 0 - Nashville 1
TOP OF THE 4TH
Buffalo White Walkers batting - Pitching for Nashville Outlaws : RHP Matthew Fallows
Batting: RHB Derek Bangert 0-0: Ball
1-0: Swinging Strike
1-1: Foul Ball, location: 2F
1-2: Ball
2-2: Foul Ball, location: 2F
2-2: Ball
3-2: Strikes out swinging
Batting: LHB Dread Roberts 0-0: Ball
1-0: Called Strike
1-1: Ground out 4-3 (Groundball, 4MD, EV 103.1 MPH)
Batting: RHB Tom Smythe 0-0: Fly out, F9 (Line Drive, 9, EV 96.2 MPH)
Top of the 4th over - 0 runs, 0 hits, 0 errors, 0 left on base; Buffalo 0 - Nashville 1
BOTTOM OF THE 4TH
Nashville Outlaws batting - Pitching for Buffalo White Walkers : RHP Dusty Fox
Batting: LHB Tom Burton 0-0: Fly out, F7 (Flyball, 78D, EV 99.4 MPH)
Batting: RHB Javier Sierra 0-0: Foul Ball, location: 2F
0-1: Foul Ball, location: 2F
0-2: Foul Ball, location: 2F
0-2: Ball
1-2: Fly out, F9 (Flyball, 9, EV 80.0 MPH)
Batting: RHB Jerry Yates 0-0: Ball
1-0: Foul Ball, location: 2F
1-1: Ball
2-1: Called Strike
2-2: Strikes out swinging
Bottom of the 4th over - 0 runs, 0 hits, 0 errors, 0 left on base; Buffalo 0 - Nashville 1
TOP OF THE 5TH
Buffalo White Walkers batting - Pitching for Nashville Outlaws : RHP Matthew Fallows
Batting: LHB Gilberto Ocasio 0-0: Swinging Strike
0-1: Ball
1-1: Foul Ball, location: 2F
1-2: Foul Ball, location: 2F
1-2: Ball
2-2: Strikes out swinging
Batting: RHB Daryl Yandell 0-0: Ground out 5-3 (Groundball, 5, EV 84.4 MPH)
Batting: RHB Cisco Feijoo 0-0: Ball
1-0: Ball
2-0: Fly out, F3 (Popup, 23F, EV 86.9 MPH)
Top of the 5th over - 0 runs, 0 hits, 0 errors, 0 left on base; Buffalo 0 - Nashville 1
BOTTOM OF THE 5TH
Nashville Outlaws batting - Pitching for Buffalo White Walkers : RHP Dusty Fox
Batting: RHB Mark Toope 0-0: Ball
1-0: Fly out, F9 (Flyball, 9LSF, EV 93.8 MPH)
Batting: RHB Sadakuno Hashimoto 0-0: Ball
1-0: Called Strike
1-1: Ball
2-1: Foul Ball, location: 2F
2-2: Strikes out swinging
Batting: LHB Juan Caro 0-0: Ball
1-0: Ground out 1-3 (Groundball, P, EV 70.0 MPH)
Bottom of the 5th over - 0 runs, 0 hits, 0 errors, 0 left on base; Buffalo 0 - Nashville 1
TOP OF THE 6TH
Buffalo White Walkers batting - Pitching for Nashville Outlaws : RHP Matthew Fallows
Batting: LHB Jesús Lazcano 0-0: Ground out 4-3 (Groundball, 4, EV 107.5 MPH)
Batting: SHB Max Bortenschlager 0-0: Called Strike
0-1: Foul Ball, location: 2F
0-2: Foul Ball, location: 2F
0-2: Ball
1-2: Ball
2-2: Strikes out looking
Batting: SHB Je-myung Yu 0-0: Ball
1-0: Ground out 4-3 (Groundball, 4, EV 105.0 MPH)
Top of the 6th over - 0 runs, 0 hits, 0 errors, 0 left on base; Buffalo 0 - Nashville 1
BOTTOM OF THE 6TH
Nashville Outlaws batting - Pitching for Buffalo White Walkers : RHP Dusty Fox
Batting: LHB Wilson Hernández 0-0: Ball
1-0: Ball
2-0: Ball
3-0: Base on Balls
Batting: LHB Bartolo Soto 0-0: Bunted foul
0-1: Sac Bunt to 25 - play at first, batter OUT! 5-4
Wilson Hernández to second
Batting: LHB Salvador Ramírez 0-0: Called Strike
0-1: Ball
1-1: Ball
2-1: Ball
3-1: Swinging Strike
3-2: Foul Ball, location: 2F
3-2: Base on Balls
Batting: LHB Tom Burton 0-0: Ball
1-0: Ball
2-0: Ball
3-0: Base on Balls
Wilson Hernández to third
Salvador Ramírez to second
Batting: RHB Javier Sierra 0-0: Called Strike
0-1: Foul Ball, location: 2F
0-2: Fly out, F8 (Flyball, 89M, EV 91.9 MPH)
Runner from 3rd tags up, SCORES, throw by CF
Salvador Ramírez to third
Batting: RHB Jerry Yates 0-0: Fly out, F7 (Line Drive, 7D, EV 90.0 MPH)
Bottom of the 6th over - 1 run, 0 hits, 0 errors, 2 left on base; Buffalo 0 - Nashville 2
TOP OF THE 7TH
Buffalo White Walkers batting - Pitching for Nashville Outlaws : RHP Matthew Fallows
Batting: RHB Derek Bangert 0-0: Called Strike
0-1: Ball
1-1: Swinging Strike
1-2: Ball
2-2: Foul Ball, location: 2F
2-2: Ball
3-2: Foul Ball, location: 2F
3-2: Strikes out swinging
Batting: LHB Dread Roberts 0-0: Ball
1-0: Called Strike
1-1: Swinging Strike
1-2: Foul Ball, location: 2F
1-2: Strikes out swinging
Batting: RHB Tom Smythe 0-0: Foul Ball, location: 2F
0-1: SINGLE (Line Drive, 8RS, EV 89.4 MPH)
Batting: LHB Gilberto Ocasio 0-0: Ball
1-0: Fly out, F7 (Flyball, 7, EV 83.8 MPH)
Top of the 7th over - 0 runs, 1 hit, 0 errors, 1 left on base; Buffalo 0 - Nashville 2
BOTTOM OF THE 7TH
Nashville Outlaws batting - Pitching for Buffalo White Walkers : RHP Dusty Fox
Batting: RHB Mark Toope 0-0: Ball
1-0: Called Strike
1-1: Called Strike
1-2: Strikes out swinging
Batting: RHB Sadakuno Hashimoto 0-0: Called Strike
0-1: SINGLE (Line Drive, 9S, EV 86.9 MPH)
Batting: LHB Juan Caro 0-0: SINGLE (Line Drive, 78S, EV 96.9 MPH)
Sadakuno Hashimoto to second
Pitching: LHP Suezo Amano
Batting: LHB Wilson Hernández 0-0: Called Strike
0-1: Ball
1-1: Swinging Strike
1-2: Reached on error, E6 (Groundball, 6, EV 84.4 MPH)
Sadakuno Hashimoto to third
Juan Caro to second
Batting: LHB Bartolo Soto 0-0: Called Strike
0-1: Ball
1-1: Fly out, F7 (Flyball, 78S, EV 84.4 MPH)
Batting: LHB Salvador Ramírez 0-0: Foul Ball, location: 2F
0-1: Called Strike
0-2: Fly out, F9 (Flyball, 9LS, EV 95.0 MPH)
Bottom of the 7th over - 0 runs, 2 hits, 1 error, 3 left on base; Buffalo 0 - Nashville 2
TOP OF THE 8TH
Buffalo White Walkers batting - Pitching for Nashville Outlaws : RHP Matthew Fallows
Batting: RHB Daryl Yandell 0-0: Called Strike
0-1: Ball
1-1: Foul Ball, location: 2F
1-2: Ball
2-2: Strikes out swinging
Batting: RHB Cisco Feijoo 0-0: Ball
1-0: Fly out, F7 (Flyball, 7, EV 90.0 MPH)
Batting: LHB Jesús Lazcano 0-0: Called Strike
0-1: Ball
1-1: Foul Ball, location: 2F
1-2: Ground out 4-3 (Groundball, 4, EV 81.2 MPH)
Top of the 8th over - 0 runs, 0 hits, 0 errors, 0 left on base; Buffalo 0 - Nashville 2
BOTTOM OF THE 8TH
Nashville Outlaws batting - Pitching for Buffalo White Walkers : LHP Suezo Amano
Batting: LHB Tom Burton 0-0: Called Strike
0-1: Foul Ball, location: 2F
0-2: Ball
1-2: Ball
2-2: Fly out, F8 (Flyball, 8LS, EV 85.6 MPH)
Batting: RHB Javier Sierra 0-0: Called Strike
0-1: Ball
1-1: Called Strike
1-2: Ball
2-2: Ground out 6-3 (Groundball, 6, EV 82.5 MPH)
Batting: RHB Jerry Yates 0-0: Ball
1-0: Ball
2-0: Foul Ball, location: 2F
2-1: SINGLE (Line Drive, 56, EV 99.4 MPH)
Batting: RHB Mark Toope 0-0: Ball
1-0: Swinging Strike
1-1: Foul Ball, location: 2F
1-2: Fly out, F8 (Flyball, 8RM, EV 85.0 MPH)
Bottom of the 8th over - 0 runs, 1 hit, 0 errors, 1 left on base; Buffalo 0 - Nashville 2
TOP OF THE 9TH
Buffalo White Walkers batting - Pitching for Nashville Outlaws : RHP Matthew Fallows
Now in LF: Dale Goodman
Batting: SHB Max Bortenschlager 0-0: Called Strike
0-1: Foul Ball, location: 2F
0-2: Ball
1-2: Ground out 5-3 (Groundball, 56S, EV 90.0 MPH)
Pitching: LHP Onson Sweemey
Batting: SHB Je-myung Yu 0-0: Called Strike
0-1: Ball
1-1: Swinging Strike
1-2: Foul Ball, location: 2F
1-2: Foul Ball, location: 2F
1-2: Ball
2-2: Strikes out swinging
Batting: RHB Derek Bangert 0-0: Foul Ball, location: 2F
0-1: Ball
1-1: Ground out 6-3 (Groundball, 6M, EV 107.5 MPH)
Top of the 9th over - 0 runs, 0 hits, 0 errors, 0 left on base; Buffalo 0 - Nashville 2
Friday, April 17th, 2020 - OOTP Baseball 20.8 Build 74